 Dungeon Crawl Stone Soup version 0.16.0-17-g811c1d7 (webtiles) character file.

273 Ladykiller69 the Conjurer (level 5, -5/38 HPs)
             Began as a Demigod Wizard on Mar 20, 2015.
             Slain by an ogre
             ... wielding a +0 giant spiked club
              (13 damage)
             ... on level 4 of the Dungeon.
             The game lasted 00:21:50 (3699 turns).

Ladykiller69 the Conjurer (Demigod Wizard)          Turns: 3699, Time: 00:21:51

Health: -5/38      AC:  2    Str: 10    XL:     5   Next: 72%
Magic:  2/14       EV: 12    Int: 24    God:
Gold:   77         SH:  0    Dex: 14    Spells: 4 memorised, 1 level left

rFire  . . .     SeeInvis .     f - +0 dagger
rCold  . . .     Clarity  .     a - +0 robe
rNeg   . . .     SustAb   +     (no shield)
rPois  .         Gourm    .     b - +0 hat
rElec  .         Spirit   .     (no cloak)
rCorr  .         Warding  .     (no gloves)
rMut   .         Stasis   .     (no boots)
MR     .....                    (no amulet)
Stlth  ++........               (no ring)
                                (no ring)

@: very slightly contaminated, not resistant to hostile enchantments, unstealthy
A: sustain abilities
a: no special abilities


You were on level 4 of the Dungeon.
You were not hungry.

You visited 1 branch of the dungeon, and saw 4 of its levels.

You collected 77 gold pieces.

Inventory:

Hand weapons
 f - a +0 dagger (weapon)
Armour
 a - a +0 robe (worn)
 b - a +0 hat (worn)
Jewellery
 l - an uncursed ring of teleport control {unknown}
Scrolls
 i - 2 scrolls of identify {unknown}
 j - 5 scrolls of remove curse {unknown}
 k - a scroll of enchant weapon {unknown}
 n - 2 scrolls of enchant armour {unknown}
 r - a scroll of teleportation {unknown}
Potions
 e - a potion of haste {unknown}
 m - a potion of degeneration {unknown}
 o - 2 potions of curing {unknown}
 p - 3 potions of berserk rage {unknown}
 q - a potion of cancellation {unknown}
Books
 c - a book of Minor Magic

   Spells                             Type                      Level
   a - Magic Dart                     Conjuration                  1
   b - Blink                          Translocation                2
   c - Call Imp                       Summoning                    2
   d - Repel Missiles                 Charms/Air                   2
   e - Slow                           Hexes                        2
   f - Conjure Flame                  Conjuration/Fire             3
   g - Mephitic Cloud                 Conjuration/Poison/Air       3
Comestibles
 d - 5 bread rations
 g - 2 meat rations
 h - 6 chunks of flesh


   Skills:
 - Level 2.0 Dodging
 - Level 2.1 Stealth
 + Level 3.3 Spellcasting
 * Level 3.9 Conjurations
   Level 0.8 Summonings
 + Level 1.3 Translocations
 + Level 1.0 Fire Magic
 + Level 1.0 Air Magic
 + Level 1.2 Poison Magic


You had one spell level left.
You knew the following spells:

 Your Spells              Type           Power        Failure   Level  Hunger
a - Magic Dart            Conj           ###.         1%          1    None
b - Blink                 Tloc           N/A          12%         2    ##.....
c - Conjure Flame         Conj/Fire      ###.....     14%         3    ###....
d - Mephitic Cloud        Conj/Pois/Air  ##......     17%         3    ###....


Dungeon Overview and Level Annotations

Branches:
Dungeon (4/15)
 Temple: D:4-7

Annotations:
D:3 1 runed door


Innate Abilities, Weirdness & Mutations

Your attributes are resistant to harm.


Message History

Ouch! That really hurt!
* * * LOW HITPOINT WARNING * * *
Casting: Magic Dart
Confirm with . or Enter, or press ? or * to list all spells.
You blink.
Casting: Blink
Confirm with . or Enter, or press ? or * to list all spells.
Aiming: Mephitic Cloud
Press: ? - help, Shift-Dir - straight line, f - ogre
Aim: an ogre, wielding a giant spiked club (severely wounded)
You miscast Mephitic Cloud.
You feel odd.
Casting: Mephitic Cloud
Confirm with . or Enter, or press ? or * to list all spells.
You blink.
There is an open door here.
Casting: Blink
Confirm with . or Enter, or press ? or * to list all spells.
You blink.
The ogre hits you with a giant spiked club!
You die...

.##.###.......##.......# #
..#.##.........#..>....##########
.....'.........'...............).
.)#.##.........#.##....##########
..#.###.......##.##..#.# # #.#.#
##.....###.##.....# .#.# ##...##
#.#####..# .#.# ##+## #.# #..#
...# #@#####..# .### #.O§.....# .
########.#


You could see an ogre.

Vanquished Creatures
  An ogre (D:4)
  An orc wizard (D:3)
  5 adders
  A giant mite (D:3)
  A worm (D:3)
  An ooze (D:2)
  9 orcs
  6 giant cockroaches
  10 hobgoblins
  3 jackals (D:2)
  A ball python (D:1)
  11 bats
  4 giant geckos
  2 giant newts
  2 gnoll zombies (D:2)
  12 goblins
  A jackal skeleton (D:3)
  7 kobolds
  4 quokkas
  12 rats
94 creatures vanquished.

Notes
Turn   | Place    | Note
--------------------------------------------------------------
     0 | D:1      | Ladykiller69, the Demigod Wizard, began the quest for the Orb.
     0 | D:1      | Reached XP level 1. HP: 14/14 MP: 4/4
   120 | D:1      | Reached skill level 1 in Conjurations
   482 | D:1      | Reached XP level 2. HP: 11/20 MP: 0/6
  1026 | D:1      | Reached skill level 3 in Spellcasting
  1530 | D:2      | Reached XP level 3. HP: 26/26 MP: 0/9
  1612 | D:2      | Found a stormy altar of Qazlal.
  1809 | D:2      | Found a basalt altar of Yredelemnul.
  2028 | D:2      | Found a sacrificial altar of Ru.
  2111 | D:2      | Found a glowing silver altar of Zin.
  2226 | D:2      | Learned a level 2 spell: Blink
  2230 | D:2      | Learned a level 3 spell: Conjure Flame
  2366 | D:3      | Reached XP level 4. HP: 33/33 MP: 8/12
  2423 | D:3      | Found a runed door.
  2424 | D:3      | Noticed a human
  2442 | D:3      | Learned a level 3 spell: Mephitic Cloud
  2444 | D:3      | Found a basalt altar of Yredelemnul.
  2691 | D:3      | Found an iron altar of Okawaru.
  2691 | D:3      | Found a burning altar of Makhleb.
  2692 | D:3      | Found a radiant altar of Vehumet.
  2857 | D:3      | Reached skill level 1 in Translocations
  3003 | D:3      | Reached XP level 5. HP: 34/38 MP: 8/14
  3282 | D:4      | Noticed an ogre
  3456 | D:4      | Found a sparkling altar of Nemelex Xobeh.
  3457 | D:4      | Found a snail-covered altar of Cheibriados.
  3623 | D:4      | Noticed an ogre
  3645 | D:4      | Killed an ogre
  3645 | D:4      | Reached skill level 1 in Fire Magic
  3645 | D:4      | Reached skill level 1 in Air Magic
  3645 | D:4      | Reached skill level 1 in Poison Magic
  3699 | D:4      | Slain by an ogre

Action                   |  1- 3 |  4- 6 || total
-------------------------+-------+-------++-------
Melee: Dagger            |    25 |    28 ||    53
 Cast: Magic Dart        |   107 |   109 ||   216
       Mephitic Cloud    |       |     3 ||     3
       Blink             |       |     9 ||     9
 Stab: Sleeping          |     2 |     2 ||     4
       Confused          |       |     2 ||     2
  Eat: Chunk             |     4 |     5 ||     9
